 Dungeon Crawl Stone Soup version 0.19.1-1-g22dce08 (webtiles) character file.

1015 Alarkh the Cleaver (level 8, 44/58 HPs)
             Began as a Demonspawn Monk on Jan 11, 2017.
             Quit the game on level 6 of the Dungeon on Jan 12, 2017.
             The game lasted 00:04:58 (5154 turns).

Alarkh the Cleaver (Demonspawn Monk)                Turns: 5154, Time: 00:04:59

Health: 44/58      AC:  3    Str: 12    XL:     8   Next: 1%
Magic:  8/8        EV: 13    Int: 13    God:
Gold:   312        SH:  0    Dex: 18    Spells: 0 memorised, 7 levels left

rFire  . . .     SeeInvis .     a - +0 broad axe
rCold  + . .     Gourm    .     b - +1 robe
rNeg   . . .     Faith    .     (no shield)
rPois  +         Spirit   +     (helmet restricted)
rElec  .         Reflect  .     (no cloak)
rCorr  .         Harm     .     (no gloves)
MR     +....                    (no boots)
Stlth  ++........               y - amulet of guardian spirit
                                D - ring "Uxoc" {rPois Dex+2}
                                g - ring of protection from magic

@: no status effects
A: horns 1, cold resistance 1, demonic guardian 1, sanguine armour 1
a: no special abilities


You were on level 6 of the Dungeon.
You were hungry.

You visited 1 branch of the dungeon, and saw 6 of its levels.

You collected 312 gold pieces.

Inventory:

Hand Weapons
 a - a +0 broad axe (weapon)
 x - a +0 hand axe
Armour
 b - a +1 robe (worn)
Jewellery
 g - a ring of protection from magic (left hand)
 l - an uncursed ring of protection from fire
 y - an amulet of guardian spirit (around neck)
 D - the ring "Uxoc" (right hand) {rPois Dex+2}
   (You found it on level 6 of the Dungeon)

   [ring of poison resistance]

   It affects your dexterity (+2).
   It protects you from poison.
Wands
 f - a wand of polymorph (12/24)
 q - a wand of iceblast (8/15)
Scrolls
 e - a scroll of identify
 i - a scroll of enchant armour
 m - a scroll of random uselessness {unknown}
 o - a scroll of immolation
 p - a scroll of teleportation {unknown}
 u - a scroll of remove curse
 B - a scroll of fog {unknown}
 C - 2 scrolls of recharging {unknown}
 E - a scroll of magic mapping {unknown}
Potions
 n - 2 potions of invisibility
 t - a potion of mutation
 v - a potion of curing
 z - 3 potions of brilliance
 A - a potion of lignification {unknown}
Comestibles
 c - 3 bread rations
 d - 4 fruits
 k - 2 beef jerkies
 r - a royal jelly
 s - 2 meat rations


   Skills:
 - Level 3.0 Fighting
 + Level 9.0 Axes
 - Level 2.6 Dodging
 - Level 1.7 Stealth


You had 7 spell levels left.
You didn't know any spells.

Dungeon Overview and Level Annotations

Branches:
Dungeon (6/15)
 Temple: D:4-7

Altars:
Ashenzari
Fedhas
Okawaru
Uskayaw
Zin


Innate Abilities, Weirdness & Mutations

You have a pair of small horns on your head.
Your flesh is cold resistant. (rC+)
A weak demonic guardian rushes to your aid.
When seriously injured, your bleeding wounds create armour. (AC +0)


Message History

You hit the crimson imp.
The crimson imp is heavily wounded.
The crimson imp closely misses you.
You barely miss the crimson imp.
The crimson imp is moderately wounded.
The crimson imp hits you. The crimson imp misses you.
You barely miss the crimson imp.
The crimson imp is moderately wounded.
The crimson imp blinks!
The crimson imp hits you.
You barely miss the crimson imp.
The crimson imp is lightly wounded.
The crimson imp barely misses you.
You slash the crimson imp!
You kill the crimson imp!
Your Axes skill increases to level 9!
You have reached level 8!
You feel stronger.
Your demonic ancestry asserts itself...
You feel the presence of a demonic guardian.
Are you sure you want to abandon this character and quit the game? (Confirm with "yes".)

#...# #..## ##)##
#### #... ....#
############ ###.
#...# ##...##.....##
##
#...##....##......#
#...$............##
##.†.@.......###..##
#..........## ##..##
#..........## ##..##
......######## ##..#
......# ##.. #...##
##. #### #. #######.
........


There were no monsters in sight!

Vanquished Creatures
  2 phantoms
  An ogre (D:6)
  A centaur (D:6)
  Blork the orc (D:5)
  3 bullfrogs
  A scorpion (D:5)
  A crimson imp (D:6)
  A bullfrog zombie (D:5)
  A centaur skeleton (D:5)
  An orc wizard (D:5)
  5 worker ants
  A hound zombie (D:5)
  2 adders (D:4)
  An ooze (D:1)
  An adder skeleton (D:4)
  3 worms
  2 dart slugs
  4 leopard geckos
  9 orcs
  2 ball pythons (D:3)
  6 giant cockroaches
  5 goblins
  7 hobgoblins
  7 jackals
  2 kobolds
  3 quokkas
  3 bats
  3 frilled lizards
  3 rats
82 creatures vanquished.

Notes
Turn   | Place    | Note
-------+----------+-------------------------------------------
     0 | D:1      | Alarkh the Demonspawn Monk began the quest for the Orb.
     0 | D:1      | Reached XP level 1. HP: 18/18 MP: 1/1
    98 | D:1      | Reached skill level 3 in Axes
   263 | D:1      | Gained mutation: When seriously injured, your bleeding wounds create armour. (AC +0) [demonic ancestry]
   263 | D:1      | Reached XP level 2. HP: 9/24 MP: 2/2
   830 | D:1      | Gained mutation: You have a pair of small horns on your head. [demonic ancestry]
   830 | D:1      | Reached XP level 3. HP: 18/29 MP: 3/3
  1364 | D:2      | Reached skill level 4 in Axes
  2090 | D:3      | Found a blossoming altar of Fedhas.
  2505 | D:4      | Reached XP level 4. HP: 27/35 MP: 4/4
  2603 | D:4      | Noticed a phantom
  2627 | D:4      | Killed a phantom
  2627 | D:4      | Reached skill level 5 in Axes
  2627 | D:4      | Gained mutation: Your flesh is cold resistant. (rC+) [demonic ancestry]
  2627 | D:4      | Reached XP level 5. HP: 41/41 MP: 5/5
  2916 | D:4      | Reached skill level 6 in Axes
  3043 | D:4      | Reached XP level 6. HP: 16/47 MP: 6/6
  3329 | D:4      | Found an iron altar of Okawaru.
  3562 | D:5      | Entered Level 5 of the Dungeon
  3568 | D:5      | Found a hide-covered altar of Uskayaw.
  4115 | D:5      | Reached skill level 7 in Axes
  4519 | D:5      | Noticed Blork the orc
  4529 | D:5      | Reached XP level 7. HP: 44/52 MP: 7/7
  4538 | D:5      | Killed Blork the orc
  4560 | D:5      | Found a shattered altar of Ashenzari.
  4712 | D:6      | Reached skill level 8 in Axes
  4799 | D:6      | Got a shimmering golden ring
  4801 | D:6      | Identified the ring "Uxoc" {rPois Dex+2} (You found it on level 6 of the Dungeon)
  4849 | D:6      | Found a glowing silver altar of Zin.
  5153 | D:6      | Reached skill level 9 in Axes
  5153 | D:6      | Gained mutation: A weak demonic guardian rushes to your aid. [demonic ancestry]
  5153 | D:6      | Reached XP level 8. HP: 44/58 MP: 8/8
  5154 | D:6      | Quit the game

Skill      XL: |  1  2  3  4  5  6  7 |
---------------+----------------------+-----
Axes           | 3 4 5 6 7 9 |  9.0
Fighting       | |  3.0
Dodging        | |  2.6
Stealth        | |  1.7

Action                   |  1- 3 |  4- 6 |  7- 9 || total
-------------------------+-------+-------+-------++-------
Melee: Hand axe          |   165 |   172 |     6 ||   343
       Headbutt          |    13 |    33 |    12 ||    58
       Broad axe         |       |       |    46 ||    46
  Use: Potion            |       |     3 |     5 ||     8
       Scroll            |       |       |     5 ||     5
 Stab: Sleeping          |     5 |     1 |       ||     6
  Eat: Chunk             |     5 |     7 |     1 ||    13
Armor: Robe              |    33 |    30 |    16 ||    79
Dodge: Dodged            |   116 |   109 |    46 ||   271
